AoeStats
← ALIKOG_IR

Golden Pit

507457082Analyzed
1v1 RM · 13d ago on Sep 18, 2026· 44m 14s· 2 players
Game mode
Random Map
Map size
Tiny (2 player)
Population
200
Speed
Normal
Resources
Standard
Victory
Conquest
Starting age
Dark Age
Ending age
Imperial Age
RankedLock teamsTeams togetherTeam positionsShared explorationLock speedFull tech treeHidden civsTurbo modeCheats
Victory
Defeat
🇦🇷 Khmer · Argentina
1382
+18
🇫🇷 Tatars · France
1420
-18
ALIKOG_IR
6:59 Loom
9:10 Feudal Age
9:57 Double-Bit Axe
9:54 Horse Collar
21:55 Castle Age
20:23 Scale Barding Armor
20:41 Forging
21:55 Bloodlines
21:59 Forging
23:15 Husbandry
26:52 Chain Barding Armor
27:24 Bow Saw
30:14 Heavy Plow
30:50 Wheelbarrow
33:32 Town Watch
35:43 Iron Casting
35:42 Devotion
37:35 Hand Cart
40:25 Imperial Age
40:07 Gold Mining
40:07 Stone Mining
40:15 Fletching
40:28 Elite Battle Elephant
41:44 Plate Barding Armor
42:09 Blast Furnace
42:42 Blast Furnace
41:52 Bodkin Arrow
43:03 Crop Rotation
43:33 Gold Shaft Mining
43:33 Stone Shaft Mining
43:57 Tusk Swords
Le Jaguar Joufflu
6:45 Loom
9:23 Feudal Age
9:45 Man-at-Arms
11:49 Arson
18:01 Double-Bit Axe
20:28 Wheelbarrow
23:56 Castle Age
22:30 Horse Collar
25:09 Bow Saw
24:44 Pikeman
25:25 Squires
33:50 Hand Cart
35:04 Scale Mail Armor
37:32 Forging
38:11 Scale Barding Armor
39:04 Fletching
39:09 Town Watch
41:50 Bodkin Arrow
42:25 Town Patrol
44:05 Gold Mining
Connection lost

Rejoining the realm…

Still unreachable

The connection could not be restored.

Session expired

The server has moved on; the page needs a fresh start.